 Dungeon Crawl Stone Soup version 0.21.0-3-g78d12a8 (webtiles) character file.

23 tidbits the Sneak (level 3, -7/18 HPs)
             Began as a Vine Stalker Wizard on Jan 10, 2018.
             Mangled by a gnoll
             ... wielding a +0 spear
              (10 damage)
             ... on level 1 of the Dungeon.
             The game lasted 00:03:31 (443 turns).

tidbits the Sneak (Vine Stalker Wizard)              Turns: 443, Time: 00:03:32

Health: -7/18      AC:  3    Str: 10    XL:     3   Next: 0%
Magic:  0/8        EV: 11    Int: 18    God:
Gold:   19         SH:  0    Dex: 12    Spells: 5/8 levels left

rFire    . . .     SeeInvis .   b - +0 dagger
rCold    . . .     Gourm    .   (no shield)
rNeg     . . .     Faith    .   B - +0 leather armour
rPois    .         Spirit   +   g - +0 hat
rElec    .         Reflect  .   (no cloak)
rCorr    .         Harm     .   (no gloves)
MR       .....                  (no boots)
Stlth    ++........             (no amulet)
HPRegen  0.06/turn              n - ring of wizardry
MPRegen  0.11/turn              (no ring)

@: no status effects
A: fangs 2, magic shield, antimagic bite, no potion heal 3, rot immunity
a: no special abilities


You were on level 1 of the Dungeon.
You were not hungry.

You visited 1 branch of the dungeon, and saw 2 of its levels.

You collected 19 gold pieces.

Inventory:

Hand Weapons
 a - a +0 short sword
 b - a +0 dagger (weapon)
Armour
 e - a +0 robe
 g - a +0 hat (worn)
 o - a cursed +0 ring mail
 B - a +0 leather armour (worn)
Jewellery
 n - a ring of wizardry (left hand)
   (You found it on level 1 of the Dungeon)
Scrolls
 f - a scroll of magic mapping {unknown}
 i - a scroll of amnesia {unknown}
 k - a scroll of enchant weapon {unknown}
 l - a scroll of identify {unknown}
Potions
 h - a potion of degeneration {unknown}
 j - a potion of curing {unknown}
 m - a potion of invisibility {unknown}
Books
 c - a book of Minor Magic

   Spells                             Type                      Level
   a - Magic Dart                     Conjuration                  1
   b - Blink                          Translocation                2
   c - Call Imp                       Summoning                    2
   d - Slow                           Hexes                        2
   e - Conjure Flame                  Conjuration/Fire             3
   f - Mephitic Cloud                 Conjuration/Poison/Air       3
Comestibles
 d - 2 rations


   Skills:
 + Level 1.2 Fighting
 + Level 1.8 Dodging
 + Level 3.3 Stealth
 - Level 3.2 Spellcasting
 - Level 1.0 Conjurations
 - Level 1.0 Summonings
   Level 1.0 Translocations


You had 5 spell levels left.
You knew the following spells:

 Your Spells              Type           Power        Failure   Level  Hunger
a - Magic Dart            Conj           #...         6%          1    None
i - Call Imp              Summ           #.......     9%          2    ##.....


Dungeon Overview and Level Annotations

Branches:
Dungeon (2/15)

Altars:
Dithmenos
Sif Muna


Innate Abilities, Weirdness & Mutations

You have extremely sharp teeth.
When hurt, damage is shared between your health and your magic reserves.
Your bite disrupts and absorbs the magic of your enemies.
Potions cannot restore your health.
You are immune to rotting.


Message History

Aiming: Magic Dart
Press: ? - help, Shift-Dir - straight line, f - giant cockroach
Aim: a giant cockroach (clinging)
The magic dart hits the giant cockroach.
The giant cockroach closely misses you.
You hit the giant cockroach.
The giant cockroach is moderately wounded.
The giant cockroach closely misses you.
You closely miss the giant cockroach.
The giant cockroach is moderately wounded.
The giant cockroach barely misses you. The giant cockroach bites you.
* * * LOW HITPOINT WARNING * * *
Casting: Magic Dart
Confirm with . or Enter, or press ? or * to list all spells.
Aiming: Magic Dart
Press: ? - help, Shift-Dir - straight line, f/p - giant cockroach
Aim: a giant cockroach (moderately wounded, clinging)
The magic dart hits the giant cockroach.
The giant cockroach is moderately wounded.
The giant cockroach bites you but does no damage.
You hit the giant cockroach but do no damage.
The giant cockroach is moderately wounded.
The giant cockroach closely misses you.
You hit the giant cockroach but do no damage.
The giant cockroach is moderately wounded.
The giant cockroach waves its antennae.
The giant cockroach closely misses you.
You hit the giant cockroach.
The giant cockroach is almost dead.
The giant cockroach closely misses you.
You closely miss the giant cockroach.
The giant cockroach is almost dead.
The giant cockroach bites you.
* * * LOW HITPOINT WARNING * * *
The giant cockroach bites you but does no damage.
Casting: Magic Dart
Confirm with . or Enter, or press ? or * to list all spells.
You don't have enough magic to cast that spell.
You hit the giant cockroach.
You kill the giant cockroach!
You see here a rat corpse.
Your magical contamination has completely faded away.
Found a black potion.
m - a black potion
Okay, then.
As you open the door, it creaks loudly!
You hear a shout!
Found 8 gold pieces.
Found a notched brass ring.
A bat comes into view.
A bat comes into view.
The bat hits you but does no damage.
You completely miss the bat. Your bite misses the bat.
The bat hits you but does no damage. The bat hits you but does no damage.
Casting: Magic Dart
Confirm with . or Enter, or press ? or * to list all spells.
Aiming: Magic Dart
Press: ? - help, Shift-Dir - straight line, f - bat
Aim: a bat The magic dart hits the bat.
The bat is moderately wounded.
The bat hits you.
Casting: Magic Dart
Confirm with . or Enter, or press ? or * to list all spells.
Aiming: Magic Dart
Press: ? - help, Shift-Dir - straight line, f/p - bat
Aim: a bat (moderately wounded)
The magic dart hits the bat.
You kill the bat!
You have reached level 3!
Your experience leads to an increase in your attributes!
Increase (S)trength, (I)ntelligence, or (D)exterity?
You feel stronger.
Memorise Call Imp, consuming 2 spell levels and leaving 5?
You start memorising the spell.
You continue memorising. x2
You finish memorising.
Spell assigned to 'i'.
Unknown command.
A goblin comes into view. It is wielding a dagger.
The goblin moves out of view.
Found 9 gold pieces.
A goblin comes into view. It is wielding a club.
Found a glowing ring mail.
n - a notched brass ring Put on which piece of jewellery? (? for menu, Esc to quit)
n - a ring of wizardry (left hand)
The gnoll shouts!
You hear a shout! x2
Found a ration.
You see here a glowing ring mail.
o - a glowing ring mail A giant cockroach comes into view.
The gnoll hits you from afar with a spear.
* * * LOW HITPOINT WARNING * * *
The gnoll misses you.
The gnoll hits you from afar with a spear.
* * * LOW HITPOINT WARNING * * *
The goblin hits you with a club.
* * * LOW HITPOINT WARNING * * *
The gnoll hits you from afar with a spear!
Ouch! That really hurt!
You die...

##### ########...######
#........s@.....#
#.......gg##......
#........## ##......######g
#.......## .##...........
#.......# 8.##......... ##
#......#...#$$.#.##.....
....###......##.8.8g#.g.#....
..............##...##...$...
....###........##.##....##g##


You could see a gnoll, a giant cockroach and a goblin.

Vanquished Creatures
  An ooze (D:1)
  A dart slug (D:1)
  A leopard gecko (D:2)
  A giant cockroach (D:1)
  2 goblins (D:1)
  2 hobgoblins
  2 kobolds (D:1)
  2 bats (D:1)
  A frilled lizard (D:1)
  4 rats
17 creatures vanquished.

Notes
Turn   | Place    | Note
-------+----------+-------------------------------------------
     0 | D:1      | tidbits the Vine Stalker Wizard began the quest for the Orb.
     0 | D:1      | Reached XP level 1. HP: 9/9 MP: 5/5
    27 | D:2      | Found a deep blue altar of Sif Muna.
    65 | D:2      | Found a shadowy altar of Dithmenos.
   167 | D:1      | Reached XP level 2. HP: 12/14 MP: 1/7
   259 | D:1      | Reached skill level 3 in Stealth
   293 | D:1      | Reached skill level 1 in Fighting
   414 | D:1      | Reached XP level 3. HP: 5/18 MP: 2/8
   418 | D:1      | Learned a level 2 spell: Call Imp
   443 | D:1      | Mangled by a gnoll

Skill      XL: |  1  2 |
---------------+-------+-----
Stealth        | 3 |  3.3
Fighting       | 1 |  1.2
Dodging        | |  1.8
Spellcasting   | |  3.2
Conjurations   | |  1.0
Summonings     | |  1.0
Translocations | |  1.0

Action                   || total
-------------------------++-------
Melee: Short sword       ||     7
       Dagger            ||    28
       Bite              ||     2
 Cast: Magic Dart        ||    26
 Stab: Sleeping          ||     4
Armor: Robe              ||     1
       Leather armour    ||     6
Dodge: Dodged            ||    26

Table legend:
 A = Turns spent in this place as a percentage of turns spent in the entire game.
 B = Non-inter-level travel turns spent in this place as a percentage of non-inter-level travel turns spent in the entire game.
 C = Inter-level travel turns spent in this place as a percentage of turns spent in this place.
 D = Turns resting spent in this place as a percentage of non-inter-level travel turns spent in this place.
 E = Turns spent auto-exploring this place as a percentage of non-inter-level travel turns spent in this place.
 F = Non-inter-level travel turns spent in this place divided by the number of levels of this place that you've seen.
                   A       B       C       D       E      F
               +-------+-------+-------+-------+-------+----------------------
         Total | 100.0 | 100.0 |   0.0 |   0.0 |   0.0 | 221.5
       Dungeon | 100.0 | 100.0 |   0.0 |   0.0 |   0.0 | 221.5
               +-------+-------+-------+-------+-------+----------------------

Table legend:
 A = Kills in this place as a percentage of kills in entire the game.
 B = Kills by you in this place as a percentage of kills by you in the entire game.
 C = Kills by friends in this place as a percentage of kills by friends in the entire game.
 D = Other kills in this place as a percentage of other kills in the entire game.
 E = Experience gained in this place as a percentage of experience gained in the entire game.
 F = Experience gained in this place divided by the number of levels of this place that you have seen.
                   A       B       C       D       E      F
               +-------+-------+-------+-------+-------+----------------------
         Total | 100.0 | 100.0 |   N/A |   N/A | 100.0 |  17.0
       Dungeon | 100.0 | 100.0 |   N/A |   N/A | 100.0 |  17.0
               +-------+-------+-------+-------+-------+----------------------

Vault maps used:
D:1:      lemuel_arrival_broad_hall, minmay_heptomino_w4
D:2:      kennysheep_big_flooded_room, grunt_dithmenos_smoke_and_mirrors,
          tso_oasis_becter, lemuel_doored_altar
